Map: Ulrena

Players

Craving - Winner!

  • Race: Zerg Zerg
  • League: Gold

Grumm

  • Race: Terran Terran
  • League: Gold

VOD

Have the link to the VOD?

Description

Time

  • Played on: Feb. 11, 2016, 1:21 p.m.
  • Length: 22:30
Show
View Real Time Build Order
Export as new Build Order

Craving Zerg - Winner!

Build Orders: Pool First 

Get SALT Encoding   

  12  0:01  Drone  
  13  0:09  Drone  
  14  0:17  Overlord  
  15  0:35  Drone x2  
  15  0:36  Drone  
  17  0:50  Drone  
  17  0:51  Spawning Pool  
  17  0:54  Extractor  
  16  0:59  Drone  
  17  1:09  Drone  
  18  1:22  Drone  
  19  1:28  Hatchery  
  19  1:30  Drone  
  19  1:40  Queen  
  19  1:44  Overlord  
  21  1:51  Drone  
  22  1:57  Metabolic Boost  
  22  2:07  Drone  
  23  2:15  Overlord  
  23  2:16  Evolution Chamber  
  22  2:23  Zergling x2  
  22  2:29  Queen  
  25  2:35  Drone  
  26  2:42  Drone  
  27  2:45  Zergling x2  
  28  2:51  Zergling x2  
  28  2:52  Zergling x6  
  32  3:01  Drone  
  33  3:08  Zergling x2  
  34  3:19  Drone x2  
  36  3:25  Drone x4  
  40  3:33  Drone x2  
  42  3:38  Roach Warren  
  41  3:45  Drone x2  
  43  3:57  Overlord x2  
  43  4:05  Drone  
  43  4:06  Overlord x3  
  44  4:15  Drone x2  
  44  4:16  Drone x2  
  48  4:23  Roach  
  50  4:39  Zergling x2  
  50  4:40  Zergling x6  
  50  4:51  Roach x2  
  50  4:52  Roach x3  
  58  4:54  Overlord x3  
  58  4:56  Hatchery  
  58  4:59  Lair  
  57  5:00  Extractor  
  57  5:02  Roach  
  58  5:09  Spore Crawler  
  58  5:11  Spore Crawler, Roach x2  
  60  5:15  Roach  
  60  5:21  Drone x3  
  64  5:23  Drone x2  
  64  5:24  Drone  
  68  5:41  Roach x4  
  76  5:47  Overlord  
  76  5:56  Roach x5  
  76  5:57  Roach  
  85  6:11  Overlord x2  
  85  6:12  Overlord x2  
  81  6:31  Ravager  
  80  6:41  Spire  
  80  6:42  Zergling x8  
  80  6:43  Zergling x8  
  84  6:57  Zergling x4  
  84  6:58  Drone, Zergling x4  
  84  6:59  Drone x3  
  84  7:00  Queen  
  94  7:02  Queen  
  90  7:22  Zergling x6  
  92  7:23  Zergling x4  
  92  7:26  Zergling x2  
  89  7:54  Queen  
  89  7:56  Corruptor x2  
  93  8:00  Zergling x4  
  93  8:01  Drone x4  
  99  8:10  Drone x2  
  99  8:20  Drone x2  
  101  8:30  Overlord  
  101  8:33  Drone x3  
  104  8:37  Corruptor  
  90  8:59  Hatchery, Corruptor  
  90  9:01  Zergling x2  
  90  9:02  Zergling x10  
  91  9:03  Drone  
  90  9:14  Zergling x8  
  90  9:15  Drone  
  94  9:18  Drone  
  94  9:19  Extractor  
  94  9:21  Extractor  
  93  9:26  Baneling Nest  
  92  9:31  Zergling x4  
  92  9:32  Zergling x2  
  92  9:33  Zergling x2  
  92  9:36  Drone  
  97  9:40  Drone  
  97  9:43  Queen  
  100  9:45  Queen  
  100  9:47  Drone  
  100  9:52  Drone x2  
  105  9:54  Drone  
  106  10:06  Corruptor x2  
  108  10:09  Zergling x2  
  108  10:10  Zergling x2  
  112  10:16  Zerg Melee Weapons Level 1  
  112  10:18  Zergling x2  
  112  10:19  Drone, Queen  
  112  10:20  Drone x2, Queen  
  120  10:21  Drone x2, Queen  
  124  10:35  Centrifical Hooks  
  124  10:37  Zergling x6  
  124  10:38  Drone x4  
  124  10:39  Drone  
  124  10:42  Drone  
  133  10:44  Drone, Extractor  
  133  10:45  Drone  
  133  10:46  Extractor  
  133  10:55  Queen  
  133  10:56  Extractor  
  134  10:58  Extractor  
  133  11:04  Mutalisk  
  133  11:05  Mutalisk  
  133  11:07  Zergling x4  
  133  11:08  Drone x5, Zergling x2  
  133  11:09  Drone x3  
  148  11:21  Mutalisk  
  148  11:23  Mutalisk  
  148  11:25  Zergling x12  
  158  11:44  Zergling x4  
  158  11:45  Overlord  
  158  11:46  Hydralisk Den, Overlord x4  
  158  12:07  Pneumatized Carapace  
  158  12:16  Hydralisk x7  
  158  12:17  Hydralisk x3  
  158  12:19  Zergling x4  
  158  12:20  Zergling x10  
  185  12:43  Hatchery, Infestation Pit, Zerg Ground Armor Level 1  
  183  12:46  Muscular Augments  
  183  12:47  Zergling x4  
  183  12:48  Zergling x10  
  183  12:49  Zergling x6  
  183  12:50  Drone x2  
  195  13:00  Drone x5  
  200  13:12  Evolution Chamber  
  199  13:33  Baneling x6  
  199  13:34  Baneling x6  
  199  13:35  Baneling x5  
  199  13:36  Baneling  
  199  13:37  Baneling x4  
  199  13:38  Baneling x6  
  199  13:39  Drone, Baneling  
  200  13:48  Hive  
  200  13:58  Overlord x2  
  158  14:28  Corruptor x4  
  158  14:29  Corruptor x2  
  118  14:44  Hydralisk x3  
  118  14:45  Hydralisk x2  
  106  14:46  Hydralisk  
  106  14:47  Zergling x2  
  106  14:48  Zergling x14  
  106  14:49  Zergling x4  
  106  14:50  Drone x2  
  118  14:55  Drone  
  118  14:56  Drone x2  
  118  14:58  Zergling x2  
  118  14:59  Zergling x2  
  123  15:02  Zergling x2  
  123  15:03  Zergling x4  
  123  15:04  Adrenal Glands  
  126  15:25  Greater Spire  
  126  15:27  Hydralisk x2  
  126  15:28  Hydralisk x3  
  130  15:29  Zergling x6  
  130  15:30  Zergling x4  
  141  15:49  Burrow, Extractor  
  140  15:50  Extractor  
  140  15:52  Hydralisk x6  
  140  15:53  Hatchery, Hydralisk x2  
  154  16:09  Corruptor x2  
  154  16:10  Corruptor  
  160  16:25  Drone  
  160  16:26  Drone x4  
  160  16:32  Ultralisk Cavern  
  164  16:50  Zerg Ground Armor Level 2  
  164  16:53  Zerg Melee Weapons Level 2  
  163  17:09  Brood Lord x3  
  163  17:10  Brood Lord  
  171  17:24  Brood Lord x2  
  175  17:30  Brood Lord  
  177  17:49  Extractor x2  
  177  17:50  Brood Lord x2  
  179  17:52  Corruptor x2  
  183  18:01  Corruptor  
  183  18:02  Corruptor  
  187  18:07  Corruptor  
  189  18:14  Corruptor x2  
  189  18:19  Corruptor  
  195  18:38  Corruptor x2  
  199  18:47  Baneling x5  
  199  18:48  Baneling x7  
  199  18:49  Baneling x3  
  188  19:32  Corruptor  
  188  19:33  Corruptor x7  
  188  19:34  Corruptor  
  187  19:47  Corruptor  
  187  19:48  Corruptor x7  
  187  19:49  Corruptor x2  
  175  20:10  Ultralisk x2  
  175  20:11  Ultralisk  
  185  20:35  Ultralisk x3  
  178  21:11  Overseer x2  
  178  21:12  Overseer x4  
  178  21:17  Ultralisk x3  
  196  21:45  Brood Lord x2  
Show
View Real Time Build Order
Export as new Build Order

Grumm Terran 

Build Orders:  

Get SALT Encoding   

  12  0:01  SCV  
  13  0:15  Supply Depot  
  13  0:18  SCV  
  14  0:26  Refinery  
  14  0:30  SCV  
  15  0:43  Barracks  
  15  0:55  Supply Depot  
  15  0:58  SCV  
  16  1:13  SCV  
  17  1:18  Refinery  
  17  1:25  SCV  
  18  1:33  Bunker  
  18  1:37  SCV  
  19  1:42  Barracks Tech Lab  
  19  1:49  SCV  
  20  1:55  Factory  
  20  2:01  Reaper  
  21  2:07  Barracks  
  21  2:10  SCV  
  22  2:22  SCV  
  23  2:33  Marine  
  24  2:48  SCV  
  24  2:50  Marine  
  26  2:52  Starport, Widow Mine  
  28  3:06  SCV  
  28  3:08  Marine  
  30  3:19  SCV  
  30  3:32  Supply Depot  
  30  3:33  Orbital Command  
  30  3:40  Barracks Tech Lab  
  30  3:41  Factory Tech Lab  
  30  3:43  Starport Tech Lab  
  30  3:45  Command Center  
  30  3:50  Stimpack  
  30  3:58  Engineering Bay  
  30  4:05  Medivac  
  30  4:09  Widow Mine  
  34  4:16  Marauder  
  36  4:19  Concussive Shells  
  35  4:35  Liberator  
  36  5:03  Missile Turret  
  36  5:10  Missile Turret  
  36  5:13  Marine  
  36  5:14  Marauder  
  39  5:21  Supply Depot  
  39  5:43  Marine x2  
  38  6:33  SCV  
  38  6:44  Banshee  
  38  6:45  Widow Mine, SCV  
  44  6:47  Marine x2  
  46  7:05  Marine  
  46  7:06  Marauder  
  49  7:23  Marine  
  49  7:27  Marauder  
  52  7:39  Banshee, SCV  
  52  7:41  Marine  
  57  7:48  Marine  
  58  7:58  Marine, Planetary Fortress  
  57  8:26  SCV  
  58  8:32  Medivac  
  60  8:43  Supply Depot  
  48  9:15  Siege Tank  
  45  9:32  Marine x2  
  45  9:36  Terran Infantry Weapons Level 1  
  47  9:44  SCV  
  48  9:47  Missile Turret, Siege Tank  
  48  9:49  Marine  
  48  9:50  Marine  
  48  9:52  Missile Turret  
  53  9:53  SCV  
  53  9:56  Refinery, SCV  
  53  9:58  Refinery  
  55  10:04  Supply Depot  
  55  10:05  SCV  
  56  10:07  Marine x2  
  56  10:08  SCV  
  59  10:19  Widow Mine  
  61  10:21  Sensor Tower  
  61  10:25  Missile Turret, Marine  
  62  10:40  Fusion Core  
  62  10:45  Starport x2  
  62  10:46  Marine  
  62  10:47  Widow Mine, Marine  
  66  10:55  Armory  
  66  10:58  SCV x2  
  68  11:04  Marine x2  
  70  11:22  Marine  
  71  11:32  Liberator x2  
  77  11:54  Advanced Ballistics  
  77  12:00  Supply Depot  
  77  12:02  Supply Depot  
  77  12:04  Liberator  
  77  12:15  Command Center  
  77  12:16  Terran Infantry Armor Level 1  
  77  12:17  Behemoth Reactor  
  80  12:41  Command Center  
  79  12:57  Command Center  
  79  13:03  Missile Turret  
  79  13:07  Missile Turret  
  79  13:15  Starport Tech Lab x2  
  79  13:17  Battlecruiser  
  87  13:20  Marauder x2  
  87  13:23  Thor  
  95  13:31  Terran Vehicle And Ship Armor Level 1  
  95  13:41  Marine x2  
  97  14:11  Planetary Fortress  
  56  14:54  Missile Turret  
  56  14:55  Missile Turret x2  
  56  14:56  Missile Turret  
  56  15:18  Missile Turret x2  
  56  15:19  Missile Turret  
  56  15:29  Widow Mine  
  58  15:36  SCV x3  
  58  15:39  Planetary Fortress  
  61  15:47  Missile Turret  
  61  15:48  SCV x2  
  63  15:57  Widow Mine  
  65  16:07  Refinery  
  65  16:08  Marine x2  
  67  16:23  Medivac  
  67  16:24  Medivac  
  71  16:25  Marine  
  71  16:26  Widow Mine, Marine  
  75  16:35  SCV x4  
  79  16:47  SCV  
  79  16:48  Refinery  
  79  16:49  Refinery  
  79  16:53  SCV x3  
  83  16:54  Widow Mine  
  83  16:57  Battlecruiser  
  83  16:59  SCV  
  92  17:33  Supply Depot  
  92  17:36  Supply Depot x2  
  92  17:42  SCV x2  
  92  17:43  Battlecruiser  
  100  17:45  Marine x2  
  100  17:46  Terran Infantry Weapons Level 2  
  100  17:50  Terran Ship Weapons Level 1  
  102  17:53  Hellbat  
  102  17:55  Medivac, SCV  
  107  18:03  Marine x2  
  109  18:07  SCV  
  110  18:15  Refinery  
  110  18:19  SCV  
  111  18:23  Hellbat  
  111  18:24  Viking  
  111  18:26  Battlecruiser  
  121  18:31  SCV  
  122  18:40  Weapon Refit  
  122  18:43  SCV  
  122  18:44  SCV  
  124  18:55  SCV  
  59  20:06  Battlecruiser x2  
  59  20:07  Battlecruiser  
  75  20:09  Marine x2  
  76  20:27  Marine x2  
  66  20:43  Thor  
  66  20:44  Marine  
  66  20:45  Marine  
  73  20:52  SCV  
  74  21:02  Orbital Command, Marine  
  74  21:03  Marine  
  76  21:05  SCV  
  76  21:10  Viking x2  
  81  21:20  Viking, Marine  
  81  21:21  Marine  
Tags
 
League
GoldGold
Matchup
TvZ
Opening
Pool First
Replay Pack
sc2 replays 2016
Add a new tag
Caveats
  • Supply blocks, unpowered buildings, or Contaminate may cause inaccurate times.
  • Supply counts are checked every 10 seconds.